 Dungeon Crawl Stone Soup version 0.31-a0-154-g56bf346678 (webtiles) character file.

Game seed: 328137101078063168

2887 ryw the Grappler (level 9, -9/68 HPs)
             Began as a Demonspawn Monk on June 11, 2023.
             Was an Elder of Dithmenos.
             Mangled by a manticore (18 damage)
             ... on level 7 of the Dungeon.
             The game lasted 00:14:20 (6639 turns).

ryw the Grappler (Demonspawn Monk)                  Turns: 6639, Time: 00:14:20

Health: -9/68      AC: 16    Str: 17    XL:     9   Next: 48%
Magic:  11/11      EV:  9    Int: 11    God:    Dithmenos [****..]
Gold:   499        SH:  0    Dex: 15    Spells: 8/8 levels left

rFire   . .          .
                       - Unarmed
rCold   + . .        (no shield)
rNeg    . . .        m - +2 chain mail {rC+}
rPois   .            (no helmet)
rElec   .            t - +1 cloak
rCorr   .            (no gloves)
SInv    .            (no boots)
Will    .....        d - amulet of regeneration Stlth
                     (no ring)
HPRegen 1.11/turn    (no ring)
MPRegen 0.12/turn

%: no passive effects
@: spiked, wreathed by umbra
A: claws 2, slimy green scales 1
a: Renounce Religion, Shadow Step


You were on level 7 of the Dungeon.
You worshipped Dithmenos.
Dithmenos was greatly pleased with you.
You visited 2 branches of the dungeon, and saw 8 of its levels.
You also visited: Ossuary.

You collected 499 gold pieces.

Inventory:

Hand Weapons
 g - the +6 war axe of Gozag's Castigation {freeze, rElec Int+3}
   (You took it off a kobold on level 2 of the Dungeon)

   Int:       It affects your intelligence (+3).
   rElec:     It insulates you from electricity.
Missiles
 a - a throwing net
 v - 11 poisoned darts (quivered)
Armour
 m - a +2 chain mail of cold resistance (worn)
 t - a +1 cloak (worn)
Magical Staves
 u - the staff of fire "Vivvarchizo" {rF+ rC+}
   (You found it on level 7 of the Dungeon)

   [staff of fire]

   Base accuracy: +5 Base damage: 5 Base attack delay: 1.2 This weapon's minimum
   attack delay (0.6) is reached at skill level 12.
   rF:        It protects you from fire.
   rC:        It protects you from cold.
   It falls into the 'Staves' category.
   It is a one-handed weapon.
Jewellery
 d - an amulet of regeneration (around neck)
 y - a ring of wizardry
Wands
 x - a wand of digging (5)
Scrolls
 i - a scroll of fear
 j - a scroll of brand weapon {unknown}
 k - a scroll of vulnerability {unknown}
 l - a scroll of poison {unknown}
 o - 2 scrolls of amnesia {unknown}
 p - a scroll of teleportation {unknown}
 s - a scroll of fog {unknown}
 B - 2 scrolls of enchant armour
 E - a scroll of magic mapping {unknown}
 F - a scroll of blinking {unknown}
Potions
 c - a potion of degeneration
 e - 2 potions of might
 h - 2 potions of attraction
 n - a potion of cancellation
 q - 4 potions of brilliance
 r - 2 potions of curing
 w - a potion of haste
 z - 3 potions of enlightenment
 A - 2 potions of mutation
 C - 2 potions of heal wounds {unknown}
 D - 2 potions of berserk rage {unknown}


   Skills:
 - Level 5.0 Fighting
 - Level 4.0 Throwing
 - Level 5.0 Armour
 - Level 3.0 Dodging
 - Level 3.0 Stealth
 * Level 9.0 Unarmed Combat
 - Level 3.0 Invocations


You had 8 spell levels left.
You didn't know any spells.
Your spell library contained the following spells:

 Spells                   Type           Power      Damage    Failure   Level
 Lesser Beckoning         Tloc           0%         N/A       99%         2
 Gell's Gravitas          Tloc           0%         N/A       100%        3
 Teleport Other           Tloc           0%         N/A       100%        3
 Vhi's Electric Charge    Tloc/Air       0%         N/A       100%        3
 Arcjolt                  Conj/Air       0%         1d10      100%        5
 Maxwell's Capacitive Co  Air            0%         ∞         100%        8


Dungeon Overview and Level Annotations

Branches:
Dungeon (7/15)             Temple (1/1) D:6         Ossuary (visited)

Altars:
Dithmenos
Makhleb
Nemelex Xobeh
Okawaru
Sif Muna
Trog
Wu Jian
Xom
Yredelemnul

Annotations:
D:5 2 runed translucent doors
D:6 1 runed translucent door, Crazy Yiuf


Innate Abilities, Weirdness & Mutations

You have very sharp fingernails.
You are partially covered in slimy green scales. (AC +2)


Message History

Aim: a manticore (lightly wounded, very poisoned, umbra, 73% to hit)
You throw a poisoned dart. The poisoned dart hits the manticore!
The manticore looks as sick as possible!
The manticore is lightly wounded.
The barbs in your skin will harm you if you move.
Continue? [Y]es or [N]o only, please.
The barbs in your skin will harm you if you move.
Continue?
Okay, then.
Unknown command.
Unknown command.
You mangle the manticore!!
The manticore is heavily wounded.
The manticore bites you but does no damage.
The manticore claws you. The manticore barely misses you.
You scratch the manticore but do no damage.
The manticore is heavily wounded.
Your shadow hits the manticore but does no damage.
The manticore bites you!
* * * LOW HITPOINT WARNING * * *
The manticore barely misses you. The manticore claws you.
* * * LOW HITPOINT WARNING * * *
Unknown command.
You mangle the manticore!!
The manticore is severely wounded.
You scratch the manticore but do no damage.
The manticore is severely wounded.
The manticore bites you.
* * * LOW HITPOINT WARNING * * *
The manticore claws you!
* * * LOW HITPOINT WARNING * * *
The manticore claws you!
* * * LOW HITPOINT WARNING * * *
Unknown command.
You feel better. The manticore bites you.
* * * LOW HITPOINT WARNING * * *
The manticore claws you but does no damage. x2
You scratch the manticore.
The manticore is almost dead.
The manticore bites you!!
You die...

#.......................#
##.......................#
##)).........##.###.#######
##).#########....##..#
###.)#########..#####.##
....#..........## #...#
......########## ##...#
.....## ####(...# ######
#H@.....# # .....(.##....#
# ###((.. #...## #(##.
...## .. ..#...# ###. ..
###..## .... # #..# ....
#..# #...


You could see a manticore (very poisoned).

Vanquished Creatures
  Sigmund (D:2)
  A steam dragon (D:6)
  Menkaure (Ossuary)
  2 water moccasins (D:7)
  A black bear (D:5)
  An orc warrior (D:6)
  6 ogres
  2 phantoms (D:7)
  A kobold brigand (D:6)
  3 scorpions
  5 centaur zombies (Ossuary)
  3 jellies
  5 orc priests
  A gnoll bouda (D:4)
  2 hounds (D:5)
  A human zombie (Ossuary)
  2 sleepcaps
  6 iguanas
  3 orc wizards
  6 mummies (Ossuary)
  9 gnolls
  9 adders
  2 adder zombies (Ossuary)
  A worm (D:4)
  3 dart slugs
  31 orcs
  3 bats
  4 endoplasms
  3 giant cockroaches
  7 goblins
  9 hobgoblins
  13 kobolds
  A quokka (D:1)
  4 ball pythons
  6 frilled lizards
  A gnoll zombie (Ossuary)
  7 goblin zombies (Ossuary)
  3 hobgoblin zombies (Ossuary)
  3 kobold zombies (Ossuary)
  An orc zombie (Ossuary)
  2 quokka zombies (Ossuary)
  5 rats
  5 rat zombies (Ossuary)
185 creatures vanquished.

Notes
Turn   | Place    | Note
-------+----------+-------------------------------------------
     0 | D:1      | ryw the Demonspawn Monk began the quest for the Orb.
     0 | D:1      | Reached XP level 1. HP: 18/18 MP: 1/1
   131 | D:1      | Gained mutation: You have sharp fingernails. [demonic
                  | ancestry]
   131 | D:1      | Reached XP level 2. HP: 24/24 MP: 2/2
   262 | D:1      | Reached skill level 3 in Unarmed Combat
   498 | D:1      | Reached XP level 3. HP: 29/29 MP: 3/3
   525 | D:1      | Reached skill level 1 in Armour
  1034 | D:2      | Noticed Sigmund
  1070 | D:2      | Killed Sigmund
  1071 | D:2      | Reached skill level 4 in Unarmed Combat
  1071 | D:2      | Gained mutation: You are partially covered in slimy green
                  | scales. (AC +2) [demonic ancestry]
  1071 | D:2      | Reached XP level 4. HP: 17/37 MP: 4/4
  1071 | D:2      | Reached XP level 5. HP: 19/42 MP: 5/5
  1142 | D:2      | Identified the +6 war axe of Gozag's Castigation {freeze,
                  | rElec Int+3}
  1162 | D:2      | Found a shimmering blue altar of Sif Muna.
  2613 | D:4      | Gained mutation: You have very sharp fingernails. [demonic
                  | ancestry]
  2613 | D:4      | Reached XP level 6. HP: 47/48 MP: 6/6
  2669 | D:4      | Reached skill level 1 in Throwing
  2714 | D:4      | Found a shadowy altar of Dithmenos.
  2737 | D:4      | Became a worshipper of Dithmenos the Shadowed
  2737 | D:4      | Reached * piety under Dithmenos
  2737 | D:4      | Reached ** piety under Dithmenos
  2904 | D:4      | Reached skill level 5 in Unarmed Combat
  3077 | D:4      | Found a bloodstained altar of Trog.
  3102 | D:4      | Reached skill level 1 in Stealth
  3102 | D:4      | Reached XP level 7. HP: 38/54 MP: 7/7
  3449 | D:5      | Entered Level 5 of the Dungeon
  4002 | D:5      | Reached skill level 6 in Unarmed Combat
  4022 | D:5      | Found a burning altar of Makhleb.
  4074 | D:5      | Reached XP level 8. HP: 60/60 MP: 8/8
  4218 | D:5      | Found a runed translucent door.
  4220 | D:5      | Found a runed translucent door.
  4625 | D:6      | Reached skill level 7 in Unarmed Combat
  4707 | D:6      | Reached *** piety under Dithmenos
  4840 | D:6      | Found a staircase to the Ecumenical Temple.
  4996 | D:6      | Reached skill level 1 in Invocations
  5020 | Temple   | Entered the Ecumenical Temple
  5209 | D:6      | Found a runed translucent door.
  5210 | D:6      | Noticed Crazy Yiuf
  5812 | D:7      | Identified the staff of fire "Vivvarchizo" {rF+ rC+}
  5818 | D:7      | Identified the +8 dagger of Strategic Superiority {drain,
                  | *Corrode Fly rN+}
  5856 | D:7      | Reached XP level 9. HP: 55/67 MP: 10/10
  5867 | D:7      | Reached skill level 5 in Fighting
  5926 | D:7      | Reached skill level 8 in Unarmed Combat
  6114 | D:7      | Found a sand-covered staircase.
  6123 | Ossuary  | Entered an ossuary
  6146 | Ossuary  | Reached **** piety under Dithmenos
  6190 | Ossuary  | Noticed Menkaure
  6516 | Ossuary  | Killed Menkaure
  6517 | Ossuary  | Reached skill level 5 in Armour
  6538 | Ossuary  | Reached skill level 9 in Unarmed Combat
  6623 | D:7      | Noticed a manticore
  6637 | D:7      | HP: 1/68 [manticore (8)]
  6639 | D:7      | Mangled by a manticore

Illustrated notes

Levels and vault maps discovered:
D:1:      lightli_arrival_farm, layout_loops_cross, amcnicky_mini_pool_small,
          grunt_decor_clamped
D:2:      layout_loops_ring, basic_altar, uniq_sigmund
D:3:      layout_basic
D:4:      layout_basic, mainiacjoe_overflow_small_starburst,
          mainiacjoe_overflow_24_doors
D:5:      lemuel_insect_pit, layout_cave_pools, makhleb_blood_cavern_becter
D:6:      layout_basic, temple_doors_e, roderic_lattice_a,
          mumra_transporter_accident, minivault_19, uniq_crazy_yiuf_cottage
D:7:      layout_rooms, chequers_ossuary_entry_cave
Temple:   hellmonk_temple_of_storms

Skill      XL: |  1  2  3  4  5  6  7  8  9 |
---------------+----------------------------+-----
Unarmed Combat | 3 4 5 6 7 9 |  9.0
Dodging        | 3 |  3.0
Armour         | 2 3 5 |  5.0
Fighting       | 4 5 |  5.0
Throwing       | 2 3 4 |  4.0
Stealth        | 1 2 3 |  3.0
Invocations    | 2 3 |  3.0

Action                     |  1- 3 |  4- 6 |  7- 9 || total
---------------------------+-------+-------+-------++-------
  Melee: Unarmed           |   152 |   131 |   361 ||   644
         Punch             |       |       |    16 ||    16
  Throw: Boomerang         |       |     4 |    39 ||    43
         Dart              |       |       |     5 ||     5
    Use: Potion            |     3 |       |     2 ||     5
         Scroll            |       |       |     9 ||     9
 Armour: Robe              |     8 |       |       ||     8
         Chain mail        |    46 |    53 |   182 ||   281
  Dodge: Dodged            |    69 |    49 |   154 ||   272

Table legend: (Time is in decaauts)
 A = Elapsed time spent in this place.
 B = Non-inter-level travel time spent in this place.
 C = Inter-level travel time spent in this place.
 D = Time resting spent in this place.
 E = Time spent auto-exploring this place.
 F = Levels seen in this place.
 G = Mean time per level.
                   A        B        C        D        E       F      G
               +--------+--------+--------+--------+--------+-----+--------+
         Total |   6606 |   6357 |    249 |    560 |   4380 |   9 |  734.0 |
       Dungeon |   5996 |   5747 |    249 |    420 |   4142 |   7 |  856.6 |
        Temple |    146 |    146 |      0 |    119 |      0 |   1 |  146.0 |
       Ossuary |    464 |    464 |      0 |     21 |    238 |   1 |  464.0 |
               +--------+--------+--------+--------+--------+-----+--------+

Top non-repeatable levels by time:
     D:6: 1180 daAuts
     D:4: 1171 daAuts
     D:3: 1050 daAuts
     D:1: 837 daAuts
     D:5: 719 daAuts
     D:2: 694 daAuts
 Ossuary: 464 daAuts
     D:7: 343 daAuts
  Temple: 146 daAuts
